 Dungeon Crawl Stone Soup version 0.31-a0-977-gc230f8ef24 (webtiles) character file.

Game seed: 3817269789704295123

14673 strifetoe the Cleaver (level 11, -4/98 HPs)
             Began as an Armataur Fighter on Oct 29, 2023.
             Was an Initiate of Gozag.
             Slain by a death yak simulacrum (11 damage)
             ... on level 12 of the Dungeon.
             The game lasted 00:23:17 (12950 turns).

strifetoe the Cleaver (Armataur Fighter)           Turns: 12950, Time: 00:23:17

Health: -4/98      AC: 12    Str: 26    XL:     11   Next: 91%
Magic:  11/11      EV:  6    Int:  9    God:    Gozag
Gold:   696        SH: 10    Dex:  9    Spells: 10/10 levels left

rFire   + . .        a - +0 war axe
rCold   . . .        c - +0 buckler
rNeg    + . .        C - +0 shadow dragon scales of Dawn {rElec rF+ Stlth++++}
rPois   .            h - +1 helmet
rElec   +            (no cloak)
rCorr   .            (no gloves)
SInv    +            (no barding)
Will    .....        y - amulet of reflection
Stlth   +++          v - ring of positive energy
HPRegen 0.36/turn    l - ring of see invisible
MPRegen 0.12/turn

%: reflection, roll
@: gold aura
A: large, rugged brown scales 3, deformed body, armoured tail, roll, long
tongue, awkward tongue
a: Renounce Religion, Potion Petition, Call Merchant, Bribe Branch


You were on level 12 of the Dungeon.
You worshipped Gozag.
Gozag was pleased with you.
You visited 2 branches of the dungeon, and saw 13 of its levels.
You also visited: Bailey.

You collected 3085 gold pieces.
You spent 1611 gold pieces at shops.
You paid 778 gold pieces to Gozag.

Inventory:

Hand Weapons
 a - a +0 war axe (weapon)
 d - a +2 scythe of venom
 k - a +0 war axe
 n - a +0 broad axe
 u - the +6 hammer "Haplumopt" {holy, rC+ MP+9}
   (You found it on level 5 of the Dungeon)

   rC+:       It protects you from cold.
   MP+9:      It affects your magic capacity (+9).
Missiles
 j - 2 throwing nets
Armour
 c - a +0 buckler (worn)
 h - a +1 helmet (worn)
 w - a +3 scale mail
 A - a +0 helmet
 C - the +0 shadow dragon scales of Dawn (worn) {rElec rF+ Stlth++++}
   (You bought it in a shop on level 10 of the Dungeon)

   rF+:       It protects you from fire.
   rElec:     It insulates you from electricity.
   Stlth++++: It makes you much more stealthy.
Jewellery
 l - a ring of see invisible (right hand)
 v - a ring of positive energy (left hand)
 y - an amulet of reflection (around neck)
Scrolls
 b - a scroll of teleportation
 f - a scroll of vulnerability
 o - 4 scrolls of blinking
 p - a scroll of enchant armour
 q - a scroll of enchant weapon
 r - a scroll of fog
 x - a scroll of poison
Potions
 e - 4 potions of cancellation
 g - a potion of curing
 i - 3 potions of enlightenment
 m - 2 potions of attraction
 z - 5 potions of mutation
 B - a potion of haste


   Skills:
 - Level 7.6 Fighting
 - Level 5.5 Short Blades
 * Level 13.1 Axes
 - Level 3.6 Armour
 + Level 4.2 Stealth
 - Level 6.8 Shields


You had 10 spell levels left.
You didn't know any spells.
Your spell library contained the following spells:

 Spells                   Type           Power      Damage    Failure   Level
 Magic Dart               Conj           0%         1d3       96%         1
 Call Imp                 Summ           0%         N/A       99%         2
 Mephitic Cloud           Conj/Pois/Air  0%         N/A       100%        3
 Manifold Assault         Tloc           0%         N/A       100%        4
 Summon Forest            Summ/Tloc      0%         N/A       100%        5
 Summon Mana Viper        Hex/Summ       0%         N/A       100%        5
 Dispersal                Tloc           0%         N/A       100%        6
 Summon Cactus Giant      Summ           0%         N/A       100%        6
 Disjunction              Tloc           0%         N/A       100%        8


Dungeon Overview and Level Annotations

Branches:
Dungeon (12/15)            Temple (1/1) D:7            Lair (0/5) D:11
    Orc (0/2) D:12         Bailey (visited)

Altars:
Ashenzari
Cheibriados
Dithmenos
Elyvilon
Fedhas
Gozag
Hepliaklqana
Kikubaaqudgha
Makhleb
Nemelex Xobeh
Okawaru
Qazlal
Ru
Sif Muna
Trog
Uskayaw
Vehumet
Wu Jian
Xom
Yredelemnul
Zin
The Shining One

Shops:
D:6 (   D:10 [

Portals:
Ice
Cave: D:12

Annotations:
Abyss:1 Grum, Maggie


Innate Abilities, Weirdness & Mutations

You are completely covered in rugged brown scales. (AC +3, +7% HP)
Armour fits poorly on your strangely shaped body.
You have a long armoured tail.
You roll when moving toward enemies. (Rampage)
Your long tongue fully drains potion bottles. (2x potion effects)
Your tongue gives you trouble enunciating. (1.5x scroll delay)


Message History

The two-headed ogre simulacrum vaporises!
A spriggan simulacrum is nearby!
A spriggan simulacrum is nearby!
Unknown command.
You roll towards the spriggan simulacrum!
You barely miss the spriggan simulacrum.
You closely miss the spriggan simulacrum.
You block the spriggan simulacrum's attack.
You slash the spriggan simulacrum! You tail-slap the spriggan simulacrum!
The spriggan simulacrum is almost destroyed.
You barely miss the spriggan simulacrum.
Your tail-slap misses the spriggan simulacrum.
The spriggan simulacrum is almost destroyed.
The spriggan simulacrum hits you. The spriggan simulacrum freezes you!!
* * * LOW HITPOINT WARNING * * *
You slash the spriggan simulacrum!
The spriggan simulacrum vaporises!
Unknown command.
You start resting.
You hear the faint crackling of a melting archway very nearby.
You start resting.
Your extra speed is starting to run out.
You now have 696 gold pieces (gained 33).
You roll towards the death yak simulacrum!
A troll simulacrum comes into view.
You feel yourself slow down.
You roll towards the death yak simulacrum!
You roll towards the troll simulacrum!
You hit the troll simulacrum.
The troll simulacrum is moderately damaged.
You slash the troll simulacrum!
The troll simulacrum vaporises!
You hit the death yak simulacrum. The death yak simulacrum gores you.
* * * LOW HITPOINT WARNING * * *
The death yak simulacrum freezes you!!
* * * LOW HITPOINT WARNING * * *
Unknown command.
The death yak simulacrum attacks as it pursues you!
The death yak simulacrum gores you!
You die...
Your body crumbles into a pile of gold.

#.#>.+......
#.#+##......
#...........
#...........
#........... ######
#.........,, ####....#
#.........,,
#.....#.###.#+######**
#..☼Z@......#,*
#..∩........+,*
#...........#**
#...........#
##..........#
***#..........#****
*,..............,,*
*,....######....,,*
*,,,.,* #.....,*


You could see a death yak simulacrum.

Vanquished Creatures
  3 two-headed ogres
  Pikel (D:5)
  An orc knight (Bailey)
  A manticore (D:11)
  A gargoyle (D:11)
  An unseen horror (D:10)
  3 trolls
  A hornet (D:10)
  Sigmund (D:4)
  2 wyverns
  18 yaks
  A steam dragon (D:8)
  Duvessa (D:7)
  3 water moccasins
  6 orc warriors
  2 black bears (D:7)
  An ice beast (D:6)
  A sky beast (D:7)
  5 ogres
  2 centaurs
  6 wolves
  2 phantoms
  10 kobold brigands
  Blork the orc (D:6)
  A bullfrog (D:6)
  2 two-headed ogre simulacra (D:12)
  3 scorpions
  3 wights (D:9)
  Dowan (D:7)
  14 killer bees
  An elephant simulacrum (D:12)
  2 electric eels (D:11)
  A howler monkey (D:5)
  5 hounds
  2 jellies
  Crazy Yiuf (D:5)
  A gnoll bouda (D:6)
  8 orc priests
  2 sleepcaps
  2 iguanas
  10 orc wizards
  3 spriggan simulacra (D:12)
  A troll simulacrum (D:12)
  9 gnolls
  6 adders
  3 white imps
  2 worms
  20 orcs
  6 endoplasms
  5 giant cockroaches
  5 goblins
  6 hobgoblins
  56 kobolds
  A quokka (D:1)
  6 ball pythons
  9 bats
  6 frilled lizards
  5 rats
282 creatures vanquished.

Vanquished Creatures (others)
  A killer bee (D:8)
1 creature vanquished.

Grand Total: 283 creatures vanquished

Notes
Turn   | Place    | Note
-------+----------+-------------------------------------------
     0 | D:1      | strifetoe the Armataur Fighter began the quest for the Orb.
     0 | D:1      | Reached XP level 1. HP: 19/19 MP: 1/1
    43 | D:1      | Reached skill level 2 in Axes
    92 | D:1      | Reached XP level 2. HP: 26/26 MP: 2/2
   697 | D:2      | Reached XP level 3. HP: 25/32 MP: 3/3
   701 | D:2      | Reached skill level 3 in Axes
  1268 | D:2      | Found a hazy altar of Hepliaklqana.
  1287 | D:2      | Identified the +8 dagger of the Immovable Stories {distort,
                  | Will+}
  1682 | D:3      | Found an ancient bone altar of Kikubaaqudgha.
  1862 | D:3      | Reached XP level 4. HP: 35/35 MP: 4/4
  1998 | D:3      | Reached skill level 1 in Short Blades
  2001 | D:3      | Found an opulent altar of Gozag.
  2010 | D:3      | Became a worshipper of Gozag Ym Sagoz the Greedy
  2323 | D:3      | Found a white marble altar of Elyvilon.
  2647 | D:4      | Noticed a water moccasin
  2655 | D:4      | Killed a water moccasin
  2656 | D:4      | Reached XP level 5. HP: 43/44 MP: 5/5
  2745 | D:4      | Noticed Sigmund
  2750 | D:4      | Killed Sigmund
  2751 | D:4      | Reached XP level 6. HP: 47/53 MP: 6/6
  2799 | D:4      | Reached skill level 5 in Short Blades
  3109 | D:5      | Entered Level 5 of the Dungeon
  3120 | D:5      | Reached XP level 7. HP: 59/59 MP: 7/7
  3194 | D:5      | Noticed Pikel
  3203 | D:5      | Killed Pikel
  3204 | D:5      | Reached skill level 4 in Axes
  3204 | D:5      | Reached XP level 8. HP: 47/71 MP: 8/8
  3305 | D:4      | Reached skill level 5 in Axes
  3347 | D:4      | Reached skill level 5 in Fighting
  3586 | D:5      | Found a burning altar of Makhleb.
  3586 | D:5      | Noticed a green death
  3659 | D:5      | Found a runed translucent door.
  3660 | D:5      | Noticed Crazy Yiuf
  3665 | D:5      | Killed Crazy Yiuf
  3670 | D:5      | Identified the +6 hammer "Haplumopt" {holy, rC+ MP+9}
  4219 | D:6      | Reached skill level 6 in Axes
  4481 | D:6      | Reached XP level 9. HP: 63/80 MP: 9/9
  4732 | D:6      | Found Zefibal's Weapon Emporium.
  5007 | D:6      | Reached skill level 5 in Shields
  5291 | D:6      | Found a shadowy altar of Dithmenos.
  5389 | D:6      | Noticed Blork the orc
  5395 | D:6      | Killed Blork the orc
  5493 | D:7      | Found a staircase to the Ecumenical Temple.
  5503 | Temple   | Entered the Ecumenical Temple
  5745 | D:7      | Noticed Maggie
  5754 | D:7      | Banished Maggie
  5755 | D:7      | Reached skill level 7 in Axes
  5900 | D:7      | Noticed Duvessa
  5900 | D:7      | Noticed Dowan
  5908 | D:7      | Killed Duvessa
  5913 | D:7      | Killed Dowan
  6198 | D:7      | Reached XP level 10. HP: 76/92 MP: 10/10
  6521 | D:8      | Reached skill level 8 in Axes
  7382 | D:8      | Noticed Grum
  7397 | D:8      | Banished Grum
  7763 | D:9      | Noticed a two-headed ogre
  7810 | D:9      | Reached skill level 9 in Axes
  7878 | D:9      | Found a flagged portal.
  8135 | D:9      | Reached skill level 10 in Axes
  8300 | Bailey   | Entered a bailey
  8583 | Bailey   | Noticed an orc knight
  8599 | Bailey   | Killed an orc knight
  8601 | Bailey   | Reached XP level 11. HP: 98/98 MP: 11/11
  8631 | Bailey   | Found an iron altar of Okawaru.
  9012 | D:9      | Killed a two-headed ogre
  9013 | D:9      | Reached skill level 11 in Axes
  9475 | D:10     | Entered Level 10 of the Dungeon
  9803 | D:10     | Noticed a two-headed ogre
  9811 | D:10     | Killed a two-headed ogre
 10237 | D:10     | Noticed a two-headed ogre
 10243 | D:10     | Killed a two-headed ogre
 10244 | D:10     | Reached skill level 12 in Axes
 10771 | D:10     | Found a stormy altar of Qazlal.
 10840 | D:10     | HP: 1/98 [killer bee (5)]
 11496 | D:10     | Found a broken altar of Ashenzari.
 11608 | D:10     | Bought the +0 shadow dragon scales of Dawn {rElec rF+
                  | Stlth++++} for 1611 gold pieces
 11715 | D:11     | Reached skill level 1 in Stealth
 11975 | D:11     | Found a staircase to the Lair.
 12318 | D:11     | Reached skill level 13 in Axes
 12868 | D:12     | Found a frozen archway.
 12950 | D:12     | Slain by a death yak simulacrum

Illustrated notes

Levels and vault maps discovered:
D:1:      spicycebolla_arrival_ecumenical, layout_loops_ring
D:2:      layout_rooms, basic_altar, serial_co_window_serial, co_window_paths_b,
          co_window_corner_a, co_window_paths_a, co_window_paths_a,
          co_window_paths_a, co_window_paths_a, co_window_of_opportunity_a,
          co_window_2corner, co_window_corner_ca, co_window_cross_3,
          co_window_paths_e
D:3:      layout_basic, grunt_gozag_breadcrumbs,
          mainiacjoe_overflow_cross_hatched, nicolae_elyvilon_temple_path
D:4:      layout_rooms, uniq_sigmund
D:5:      layout_loops_ring, makhleb_altar_promises_db, kennysheep_dice,
          uniq_pikel, uniq_crazy_yiuf_cottage
D:6:      layout_loops_ring, mainiacjoe_overflow_alcove_4, serial_shops,
          nicolae_square_shop, uniq_blork_the_orc
D:7:      layout_loops_cross, minmay_temple_entry_trees, uniq_duvessa,
          uniq_maggie
D:8:      kennysheep_steamy, layout_cave_pools, minmay_misc_feat_pillars,
          chequers_mini_garden, serial_bayou_ford_a, uniq_grum
D:9:      kennysheep_kobold_camp, layout_basic, enter_bailey_2,
          hangedman_decor_clover_reticule
D:10:     layout_stronghold, kennysheep_mini_moat,
          nicolae_qazlal_general_emergency
D:11:     layout_cave_pools, erik_lair_island
D:12:     layout_basic, erik_orc_3, portal_ice_cave_entry_ice_simulacra
Temple:   eino_wide_crystal_templ

Skill      XL: |  1  2  3  4  5  6  7  8  9 10 11 |
---------------+----------------------------------+-----
Axes           | 2 3 4 6 7 10 13 | 13.1
Short Blades   | 3 4 5 |  5.5
Fighting       | 4 6 7 |  7.6
Shields        | 4 6 |  6.8
Stealth        | 4 |  4.2
Armour         | |  3.6

Action                     |  1- 3 |  4- 6 |  7- 9 | 10-12 || total
---------------------------+-------+-------+-------+-------++-------
  Melee: War axe           |    99 |       |       |   372 ||   471
         Tailslap          |    13 |     8 |    31 |    72 ||   124
         Dagger            |    14 |    50 |   281 |   123 ||   468
 Invoke: Potion Petition   |       |       |       |     1 ||     1
         Call Merchant     |       |       |       |     1 ||     1
  Evoke: Wand              |       |       |       |     9 ||     9
    Use: Potion            |       |     1 |       |    11 ||    12
         Scroll            |       |       |    12 |    11 ||    23
   Stab: Distracted        |       |       |     1 |     2 ||     3
         Sleeping          |       |       |       |     1 ||     1
 Armour: Scale mail        |    97 |    18 |   147 |   320 ||   582
         Shadow dragon sca |       |       |       |   134 ||   134
  Dodge: Dodged            |    37 |     9 |    56 |   149 ||   251
  Block: Buckler           |    18 |     4 |    54 |   257 ||   333
         Reflection        |       |       |       |    11 ||    11

Table legend: (Time is in decaauts)
 A = Elapsed time spent in this place.
 B = Non-inter-level travel time spent in this place.
 C = Inter-level travel time spent in this place.
 D = Time resting spent in this place.
 E = Time spent auto-exploring this place.
 F = Levels seen in this place.
 G = Mean time per level.
                   A        B        C        D        E       F      G
               +--------+--------+--------+--------+--------+-----+--------+
         Total |  12881 |  12562 |    319 |   3349 |   6764 |  14 |  920.1 |
       Dungeon |  12353 |  12039 |    314 |   3156 |   6645 |  12 | 1029.4 |
        Temple |     94 |     89 |      5 |      0 |     85 |   1 |   94.0 |
        Bailey |    433 |    433 |      0 |    192 |     34 |   1 |  433.0 |
               +--------+--------+--------+--------+--------+-----+--------+

Top non-repeatable levels by time:
    D:10: 2483 daAuts
     D:9: 1287 daAuts
     D:6: 1236 daAuts
     D:7: 1127 daAuts
     D:8: 1050 daAuts
     D:4: 942 daAuts
     D:2: 902 daAuts
     D:5: 850 daAuts
    D:11: 843 daAuts
     D:3: 830 daAuts
     D:1: 668 daAuts
  Bailey: 433 daAuts
    D:12: 131 daAuts
  Temple: 94 daAuts
